 Dungeon Crawl Stone Soup version 0.27-a0-988-g25969acef8 (webtiles) character file.

Game seed: 364234464143100871

1375 jestyr24 the Thaumaturge (level 8, 0/51 HPs)
             Began as a Djinni Earth Elementalist on Apr 15, 2021.
             Killed from afar by an orc wizard (6 damage)
             ... with a magic dart
             ... on level 6 of the Dungeon.
             The game lasted 00:35:26 (5788 turns).

jestyr24 the Thaumaturge (DjEE)                     Turns: 5788, Time: 00:35:27

Health: 0/51       AC:  3    Str: 13    XL:     8   Next: 66%
Gold:   220        EV: 13    Int: 20    God:
                   SH:  0    Dex: 13

rFire    + + .     SeeInvis .   s - +1 trident (antimagic)
rCold    x . .     Faith    .   (no shield)
rNeg     + . .     Spirit   .   c - +0 robe
rPois    ∞         Reflect  .   z - +0 helmet
rElec    .         Harm     .   (no cloak)
rCorr    .         Rampage  .   (no gloves)
Will     .....                  (boots unavailable)
Stlth    ++........             (no amulet)
HPRegen  0.17/turn              f - ring of positive energy
MPRegen  0.00/turn              v - +6 ring of strength

@: flying
A: fire resistance 2, cold vulnerability 1, float, innate caster, hp casting,
extra vitality 1
a: no special abilities


You were on level 6 of the Dungeon.
You visited 1 branch of the dungeon, and saw 6 of its levels.

You collected 220 gold pieces.

Inventory:

Hand Weapons
 j - a +0 dagger
 s - a +1 antimagic trident (weapon)
 u - a +2 flail of protection
Missiles
 b - 124 stones
 w - 8 boomerangs
 x - 2 throwing nets
Armour
 c - a +0 robe (worn)
 t - a +0 pair of gloves
 y - a +0 kite shield
 z - a +0 helmet (worn)
Jewellery
 f - a ring of positive energy (left hand)
 v - a +6 ring of strength (right hand)
Wands
 B - a wand of polymorph (7)
Scrolls
 e - 2 scrolls of amnesia {unknown}
 g - 7 scrolls of identify {unknown}
 l - a scroll of enchant armour {unknown}
 m - 2 scrolls of enchant weapon {unknown}
 o - a scroll of teleportation {unknown}
 q - a scroll of blinking {unknown}
Potions
 a - a potion of magic {unknown}
 d - a potion of invisibility {unknown}
 h - 3 potions of brilliance {unknown}
 i - 2 potions of might {unknown}
 k - 3 potions of degeneration {unknown}
 n - a potion of attraction {unknown}
 p - 2 potions of haste {unknown}
 r - a potion of curing {unknown}
 A - a potion of cancellation {unknown}


   Skills:
 - Level 0.8 Fighting
 - Level 3.1 Dodging
 - Level 2.7 Stealth
 + Level 8.6 Spellcasting


You had 3 spell levels left.
You knew the following spells:

 Your Spells              Type           Power      Damage    Failure   Level
a - Shock                 Conj/Air       100%       1d9       1%          1
b - Passwall              Tmut/Erth      35%        N/A       1%          2
c - Stone Arrow           Conj/Erth      86%        3d12      1%          3
d - Petrify               Tmut/Erth      43%        N/A       2%          4
e - Lee's Rapid Deconstr  Erth           21%        3d13*     6%          5
f - Sandblast             Erth           86%        2d18      1%          1
g - Searing Ray           Conj           86%        3d6       1%          2
h - Teleport Other        Tloc           43%        N/A       1%          3
Your spell library was empty.

Dungeon Overview and Level Annotations

Branches:
Dungeon (6/15)
 Temple: D:4-7

Altars:
Gozag
Uskayaw

Shops:
D:1 (


Innate Abilities, Weirdness & Mutations

You are immune to poison.
Your flesh is very heat resistant. (rF++)
You are vulnerable to cold. (rC-)
You float through the air rather than walking.
You learn spells naturally, not from books.
Your magical power is your life essence.
You have superior vitality. (+4 HP)


Message History

Aiming: Stone Arrow (safe; 1% risk of failure)
Press: ? - help, Shift-Dir - straight line, f - Sigmund
Aim: Sigmund, wielding a +0 scythe and wearing a +0 robe (73% to hit)
The stone arrow hits Sigmund!!
Sigmund is almost dead.
The orc wizard gestures at itself while chanting.
The orc wizard flickers and vanishes!
Deactivating autopickup; reactivate with Ctrl-A.
Sigmund points at you and mumbles some strange words.
The puff of flame hits you. You resist.
Casting: Stone Arrow (safe; 1% risk of failure)
Confirm with . or Enter, or press ? or * to list all spells.
Aiming: Stone Arrow (safe; 1% risk of failure)
Press: ? - help, Shift-Dir - straight line, f/p - Sigmund
Aim: Sigmund, wielding a +0 scythe and wearing a +0 robe (almost dead, 73% to hit)
The stone arrow hits Sigmund!!
You kill Sigmund!
Casting: Stone Arrow (safe; 1% risk of failure)
Confirm with . or Enter, or press ? or * to list all spells.
Aiming: Stone Arrow (safe; 1% risk of failure)
Press: ? - help, Shift-Dir - straight line, f - jelly
Aim: a jelly (100% to hit)
The stone arrow hits the jelly!
The jelly is severely wounded.
* * * LOW HITPOINT WARNING * * *
Casting: Stone Arrow (safe; 1% risk of failure)
Confirm with . or Enter, or press ? or * to list all spells.
Aiming: Stone Arrow (safe; 1% risk of failure)
Press: ? - help, Shift-Dir - straight line, f/p - jelly
Aim: a jelly (severely wounded, 100% to hit)
The stone arrow hits the jelly!
You kill the jelly!
* * * LOW HITPOINT WARNING * * *
A magic dart appears from out of thin air!
The magic dart hits you.
* * * LOW HITPOINT WARNING * * *
Found a stone staircase leading up.
A magic dart appears from out of thin air!
The magic dart hits you.
You die...

###.#..##.....##.....
#.#.###.##...#.#...
#...# #............
###.# ###.#........ #.#
#.......<.. #.#
##.{......# #.####
##.##.#..#
#....###..#..#.##
####>.#..@.....#
###########.#........#
#.......###..........#
#...................#..
#.......#..#...........
#.......#..............
#...........#..........
####...............##..
###..............


There were no monsters in sight!

Vanquished Creatures
  Sigmund (D:6)
  Edmund (D:4)
  A black bear (D:4)
  2 sky beasts
  2 ogres
  A scorpion (D:6)
  A centaur zombie (D:5)
  A jelly (D:6)
  An orc priest (D:6)
  A centaur skeleton (D:4)
  4 hounds
  An iguana (D:6)
  3 orc wizards
  4 adders
  11 gnolls
  2 ufetubi (D:5)
  An adder skeleton (D:4)
  2 dart slugs (D:3)
  17 orcs
  6 bats
  6 endoplasms
  3 giant cockroaches
  6 goblins
  4 hobgoblins (D:2)
  6 jackals
  A quokka (D:3)
  9 ball pythons
  A frilled lizard (D:3)
  4 rats
103 creatures vanquished.

Notes
Turn   | Place    | Note
-------+----------+-------------------------------------------
     0 | D:1      | jestyr24 the Djinni Earth Elementalist began the quest for
                  | the Orb.
     0 | D:1      | Reached XP level 1. HP: 15/15 MP: 0/0
   166 | D:1      | Reached skill level 3 in Spellcasting
   166 | D:1      | Reached XP level 2. HP: 17/21 MP: 0/0
   255 | D:1      | Found Firiybus's Weapon Shoppe.
   977 | D:2      | Reached XP level 3. HP: 23/25 MP: 0/0
   977 | D:2      | Learned a level 1 spell: Shock
  2207 | D:3      | Reached XP level 4. HP: 16/31 MP: 0/0
  2386 | D:3      | Reached skill level 4 in Spellcasting
  2931 | D:4      | Reached XP level 5. HP: 33/35 MP: 0/0
  2931 | D:4      | Learned a level 2 spell: Searing Ray
  2956 | D:4      | Noticed a black bear
  2965 | D:4      | Killed a black bear
  2968 | D:4      | Reached skill level 5 in Spellcasting
  2968 | D:4      | Reached XP level 6. HP: 21/41 MP: 0/0
  3299 | D:4      | Noticed Edmund
  3305 | D:4      | Killed Edmund
  3677 | D:4      | Found an opulent altar of Gozag.
  3684 | D:4      | Reached XP level 7. HP: 42/46 MP: 0/0
  3684 | D:4      | Learned a level 3 spell: Teleport Other
  3936 | D:4      | Reached skill level 6 in Spellcasting
  4178 | D:5      | Entered Level 5 of the Dungeon
  4613 | D:5      | Reached skill level 7 in Spellcasting
  4842 | D:5      | Reached XP level 8. HP: 27/51 MP: 0/0
  5479 | D:6      | Reached skill level 8 in Spellcasting
  5750 | D:6      | Found a hide-covered altar of Uskayaw.
  5772 | D:6      | Noticed Sigmund
  5776 | D:6      | Killed Sigmund
  5788 | D:6      | Killed from afar by an orc wizard

Illustrated notes

Levels and vault maps discovered:
D:1:      minmay_arrival_open_corners, layout_basic, serial_shops, shop,
          minmay_pentomino_r2
D:2:      layout_basic, minmay_misc_feat_five, glass_columns_b,
          kennysheep_generic_room_15
D:3:      layout_rooms, minmay_strange_pillars
D:4:      layout_cave_pools, kennysheep_mini, uniq_edmund
D:5:      layout_rooms
D:6:      layout_rooms, lemuel_zombie_altar_yredelemnul, lemuel_crystal_altar,
          minmay_temple_entry_proselytizer, uniq_sigmund

Skill      XL: |  1  2  3  4  5  6  7  8 |
---------------+-------------------------+-----
Spellcasting   | 3 4 5 7 8 |  8.6
Stealth        | 2 |  2.7
Dodging        | 3 |  3.1
Fighting       | |  0.8

Action                   |  1- 3 |  4- 6 |  7- 9 || total
-------------------------+-------+-------+-------++-------
Melee: Unarmed           |     1 |       |       ||     1
       Trident           |       |     2 |    14 ||    16
       Dagger            |       |     1 |       ||     1
 Cast: Sandblast         |    34 |     5 |     4 ||    43
       Shock             |    31 |    27 |    24 ||    82
       Stone Arrow       |       |    18 |    38 ||    56
       Searing Ray       |       |     2 |     1 ||     3
       Teleport Other    |       |       |     2 ||     2
       Petrify           |       |       |     1 ||     1
 Stab: Petrified         |       |       |    10 ||    10
Armor: Robe              |     4 |     2 |       ||     6
Dodge: Dodged            |    10 |    13 |    18 ||    41

Table legend: (Time is in decaauts)
 A = Elapsed time spent in this place.
 B = Non-inter-level travel time spent in this place.
 C = Inter-level travel time spent in this place.
 D = Time resting spent in this place.
 E = Time spent auto-exploring this place.
 F = Levels seen in this place.
 G = Mean time per level.
                   A        B        C        D        E       F      G
               +--------+--------+--------+--------+--------+-----+--------+
         Total |   5791 |   5741 |     50 |   2140 |   2604 |   6 |  965.2 |
       Dungeon |   5791 |   5741 |     50 |   2140 |   2604 |   6 |  965.2 |
               +--------+--------+--------+--------+--------+-----+--------+

Top non-repeatable levels by time:
     D:4: 1767 daAuts
     D:2: 1221 daAuts
     D:5: 1124 daAuts
     D:3: 923 daAuts
     D:1: 641 daAuts
     D:6: 112 daAuts
